 Dungeon Crawl Stone Soup version 0.18.1-48-g4cf74bf (webtiles) character file.

121173 Peloso the Peltast (level 16, -12/147 HPs)
             Began as a Minotaur Fighter on July 31, 2016.
             Was the Champion of Okawaru.
             Mangled by an ettin
             ... wielding a +0 dire flail of protection
              (17 damage)
             ... on level 15 of the Dungeon.
             The game lasted 01:42:14 (30186 turns).

Peloso the Peltast (Minotaur Fighter)              Turns: 30186, Time: 01:42:22

Health: -12/147    AC: 40    Str: 24    XL:     16   Next: 31%
Magic:  16/16      EV:  7    Int:  5    God:    Okawaru [******]
Gold:   2712       SH:  0    Dex: 14    Spells: 0 memorised, 15 levels left

rFire  + + .     SeeInvis +     I - +0 double sword of Fortitude {flame, rF+}
rCold  . . .     Gourm    .     Q - +8 crystal plate armour of the Lobster {rN+}
rNeg   + . .     Faith    .     c - +0 shield
rPois  +         Spirit   .     s - +2 hat
rElec  .         Dismiss  .     C - +0 cloak
rCorr  .         Reflect  +     n - +3 pair of gloves of Temperance {rPois Slay+2 Stlth+}
SustAt .         Harm     .     u - +0 pair of boots
MR     +....                    r - +5 amulet of reflection
Stlth  ..........               B - ring of protection from fire
                                q - ring of see invisible

@: confused, somewhat resistant to hostile enchantments, extremely unstealthy
A: retaliatory headbutt, horns 2, slow regeneration 1
a: Heroism, Finesse, Renounce Religion


You were on level 15 of the Dungeon.
You worshipped Okawaru.
Okawaru was exalted by your worship.
You were not hungry.

You visited 4 branches of the dungeon, and saw 26 of its levels.
You also visited: Ice Cave and Volcano.

You collected 2712 gold pieces.

Inventory:

Hand Weapons
 a - a +1 long sword
 h - a +3 long sword of pain
 I - the +0 double sword of Fortitude (weapon) {flame, rF+}
   (You found it on level 8 of the Lair of Beasts)

   It has been specially enchanted to burn those struck by it, causing extra
   injury to most foes and up to half again as much damage against particularly
   susceptible opponents.
   Big, fiery blades are also staple armaments of hydra-hunters.
   It protects you from fire.
Armour
 c - a +0 shield (worn)
 n - the +3 pair of gloves of Temperance (worn) {rPois Slay+2 Stlth+}
   (You acquired it on level 1 of the Lair of Beasts)

   It affects your accuracy and damage with ranged weapons and melee attacks
   (+2).
   It protects you from poison.
   It makes you more stealthy.
 s - a +2 hat (worn)
 u - a +0 pair of boots (worn)
 C - a +0 cloak (worn)
 Q - the +8 crystal plate armour of the Lobster (worn) {rN+}
   (Okawaru gifted it to you on level 11 of the Dungeon)

   It protects you from negative energy.
 W - the +0 pair of gloves "Ywilafit" {rElec rF- Str-4 SInv}
   (Okawaru gifted it to you on level 15 of the Dungeon)

   It affects your strength (-4).
   It makes you vulnerable to fire.
   It insulates you from electricity.
   It lets you see invisible.
Jewellery
 j - an uncursed ring of flight
 q - a ring of see invisible (left hand)
 r - a +5 amulet of reflection (around neck)
 x - an uncursed ring of protection from cold
 B - a ring of protection from fire (right hand)
 H - an uncursed ring of resist corrosion
 S - an uncursed ring of positive energy
Wands
 y - a wand of disintegration (14/24)
 K - a wand of acid (10/15)
 O - a wand of lightning (5/15)
Scrolls
 i - 5 scrolls of enchant armour
 m - 11 scrolls of recharging
 o - 3 scrolls of teleportation
 p - 2 scrolls of silence
 v - 14 scrolls of remove curse
 w - 3 scrolls of blinking
 D - 2 scrolls of identify
 J - 5 scrolls of enchant weapon
 L - 2 scrolls of fear
 R - a scroll of fog
 V - 3 scrolls of magic mapping
Potions
 d - 3 potions of might
 e - 2 potions of heal wounds
 g - a potion of cancellation
 k - 9 potions of haste
 z - 5 potions of resistance
 A - 2 potions of brilliance
 E - 2 potions of magic
 G - 11 potions of curing
 M - a potion of berserk rage
 N - 2 potions of agility
 X - 2 potions of flight
Books
 t - a book of Burglary

   Spells                             Type                      Level
   a - Swiftness                      Charms/Air                   2
   b - Passwall                       Transmutation/Earth          2
   c - Passage of Golubria            Translocation                4
   d - Lee's Rapid Deconstruction     Earth                        5
   e - Darkness                       Hexes                        6
   f - Invisibility                   Hexes                        6
Comestibles
 b - 14 fruits
 f - 20 bread rations
 l - 16 beef jerkies
 F - 16 meat rations
 P - 19 royal jellies
 T - 5 chunks of flesh
 U - 2 slices of pizza


   Skills:
 + Level 14.4 Fighting
 + Level 18.0 Long Blades
 + Level 13.8 Armour
 + Level 3.8 Dodging
 + Level 1.0 Stealth
 + Level 20.4 Shields
 + Level 2.6 Invocations
 + Level 0.5 Evocations


You had 15 spell levels left.
You didn't know any spells.

Dungeon Overview and Level Annotations

Branches:
Dungeon (15/15)            Temple (1/1) D:5            Lair (8/8) D:11
 Shoals (0/4) Lair:5       Spider (0/4) Lair:5        Slime (0/6) Lair:7
    Orc (2/2) D:11            Elf (0/3) Orc:2        Vaults (0/5) D:13
 Depths (0/5) D:15

Altars:
Ashenzari
Dithmenos
Elyvilon
Gozag
Kikubaaqudgha
Makhleb
Nemelex Xobeh
Okawaru
Qazlal
Vehumet
Xom
Beogh
Jiyva

Shops:
D:6 (   D:7 *   D:9 :   D:10 [   Orc:2 !*?*


Innate Abilities, Weirdness & Mutations

You reflexively headbutt those who attack you in melee.
You have a pair of horns on your head.
You regenerate slowly when monsters are visible.


Message History

Drink which item? (? for menu, Esc to quit)
You can't drink that!
Unknown command.
Drink which item? (? for menu, Esc to quit)
You feel much better.
The harpy claws you but does no damage. x2
The crimson imp barely misses you.
The ettin hits you with a dire flail of protection!
* * * LOW HITPOINT WARNING * * *
The ettin hits you with an enchanted dire flail!!
* * * LOW HITPOINT WARNING * * *
You're too confused!
Drink which item? (? for menu, Esc to quit)
You feel better. You block the harpy's attack. x2
The golden eye blinks at you.
You are confused.
The crimson imp hits you but does no damage.
The ettin hits you with a dire flail of protection!!
* * * LOW HITPOINT WARNING * * *
The ettin hits you with an enchanted dire flail!
You die... ### +# ≈§ #.. .. ...+#. #$%§ ##.# .#.# .+#.#+...# #... .... #.#+....#. §§##.. $$([

#+......##.§ #.. ≈§#
#'..<......( #.# #G##C....#
#'## ##+
###########H@....###.#.####.#
#........##≈5...†'#......#...
#.....>..##≈!##..#..⌠P..#'#..
###..<.<.##≈$..#))#.P8P..#..#
#.......##≈?..#.#...P⌠.#'#..
##...#..##§$.$..##......#...
##.....##≈≈§≈≈≈##.#.#..####
##.#.#.###########'#'##.
#......####.#####.#.#.#


You could see an ettin, a harpy, a crimson imp and a golden eye shaped shifter.

Vanquished Creatures
  Agnes (D:14)
  A tengu reaver (D:15)
  Maud (D:12)
  2 frost giants
  Azrael (D:12)
  A deep elf annihilator (D:15)
  A fire dragon (D:15)
  9 hydras
  A catoblepas (D:13)
  3 centaur warriors
  7 death yaks
  8 orc high priests
  A shadow wraith (D:15)
  2 fire crabs (shapeshifter) (D:15)
  A flayed ghost (D:15)
  A wizard (D:13)
  3 unseen horrors
  8 hill giants
  A lindwurm (Lair:8)
  An orb spider (Lair:5)
  A harpy (shapeshifter) (D:15)
  A deep elf mage (D:15)
  2 orc sorcerers
  A hornet (D:15)
  8 ugly things
  6 griffons
  4 manticores
  3 orc knights (Orc:2)
  5 cyclopes
  A black mamba (shapeshifter) (D:15)
  3 black mambas
  An ice statue (IceCv)
  An elephant (D:11)
  2 gargoyles
  3 torpor snails
  Joseph (D:10)
  11 spiny frogs
  A molten gargoyle (Volcano)
  5 rime drakes
  13 komodo dragons
  2 yaktaurs (D:15)
  A freezing wraith (D:15)
  2 kobold demonologists
  An efreet (D:15)
  2 tengu conjurers (D:13)
  8 trolls
  A queen bee (Lair:6)
  A giant leech (Lair:8)
  A wolf spider simulacrum (D:15)
  2 two-headed ogres
  16 polar bears
  3 boulder beetles
  A harpy skeleton (D:15)
  4 slime creatures (D:14)
  28 blink frogs
  A hornet zombie (D:15)
  A redback (D:15)
  6 wyverns
  A vampire (D:12)
  A water elemental (D:13)
  3 shadows (D:15)
  98 yaks
  2 wraiths
  3 fire elementals (D:12)
  6 basilisks
  A hungry ghost (D:10)
  A steam dragon (Lair:8)
  3 vampire mosquitoes (D:15)
  9 hippogriffs
  12 fire bats
  Menkaure (D:6)
  3 mottled dragons
  9 wargs
  The ghost of Crawlgasm the Shield-Bearer, an amateur GrFi (D:3)
  15 porcupines
  A swamp drake (Lair:8)
  21 water moccasins
  4 hell hounds (D:12)
  A hornet simulacrum (D:15)
  Purgy (D:4)
  4 ice beasts
  3 sky beasts
  11 ogres
  24 orc warriors
  3 phantoms
  2 necrophages
  31 wolves
  11 centaurs
  6 boggarts
  8 big kobolds
  16 crocodiles
  19 giant frogs
  A gnoll sergeant (D:9)
  4 scorpions
  2 wyvern skeletons (D:14)
  35 killer bees
  An electric eel (Lair:5)
  4 lava snakes (Volcano)
  9 crimson imps
  3 howler monkeys (D:7)
  A wasp zombie (D:12)
  4 centaur zombies
  A quasit (D:10)
  5 centaur skeletons
  4 giant frog zombies
  42 orc priests
  9 hounds
  9 jellies
  5 giant frog skeletons
  Jessica (D:2)
  Ijyb (D:2)
  13 iguanas
  24 orc wizards
  6 worker ants
  15 sheep
  A hound skeleton (D:11)
  A howler monkey zombie (D:7)
  2 worker ant zombies
  Robin (D:4)
  A howler monkey skeleton (D:3)
  3 gnolls (D:9)
  10 adders
  75 river rats
  5 shadow imps
  12 white imps (Lair:6)
  3 oozes
  An adder skeleton (D:5)
  3 worms
  2 dart slugs
  6 giant geckos
  100 orcs
  6 bats
  2 giant cockroaches (D:3)
  23 goblins
  12 hobgoblins
  19 jackals
  29 kobolds
  5 quokkas
  A ball python (D:5)
  A ball python skeleton (D:5)
  4 giant newts
  A quokka zombie (D:5)
  21 rats
  6 fungi
  3 plants (Lair:8)
1101 creatures vanquished.

Vanquished Creatures (others)
  A black mamba (Lair:8)
  A basilisk (D:12)
  3 centaurs
  A killer bee (Lair:6)
  2 orcs
  3 kobolds (D:7)
  2 bushes
  12 fungi
  5 plants
30 creatures vanquished.

Grand Total: 1131 creatures vanquished

Notes
Turn   | Place    | Note
--------------------------------------------------------------
     0 | D:1      | Peloso the Minotaur Fighter began the quest for the Orb.
     0 | D:1      | Reached XP level 1. HP: 19/19 MP: 0/0
    41 | D:1      | Reached XP level 2. HP: 27/27 MP: 1/1
   347 | D:1      | Reached skill level 4 in Shields
   456 | D:1      | Found a shimmering altar of Xom.
   608 | D:2      | Reached XP level 3. HP: 31/33 MP: 2/2
   613 | D:2      | Found a shattered altar of Ashenzari.
   642 | D:2      | Found an opulent altar of Gozag.
   712 | D:2      | Noticed Ijyb
   721 | D:2      | Killed Ijyb
   721 | D:2      | Reached XP level 4. HP: 35/41 MP: 3/3
   909 | D:2      | Noticed Jessica
   928 | D:2      | Killed Jessica
   928 | D:2      | Reached skill level 1 in Dodging
  1473 | D:3      | Noticed Crawlgasm's ghost (amateur GrFi)
  1474 | D:3      | Found a radiant altar of Vehumet.
  1475 | D:3      | Found a shimmering altar of Xom.
  1499 | D:3      | Killed Crawlgasm's ghost
  1499 | D:3      | Reached skill level 5 in Armour
  1499 | D:3      | Reached skill level 5 in Shields
  1499 | D:3      | Reached XP level 5. HP: 7/47 MP: 4/4
  2338 | D:3      | Reached XP level 6. HP: 49/53 MP: 5/5
  2376 | D:3      | Found a sparkling altar of Nemelex Xobeh.
  2725 | D:4      | Reached skill level 5 in Fighting
  3069 | D:4      | Found a radiant altar of Vehumet.
  3138 | D:4      | Noticed Robin
  3140 | D:4      | Noticed Purgy
  3168 | D:4      | Killed Purgy
  3168 | D:4      | Reached skill level 6 in Shields
  3168 | D:4      | Reached XP level 7. HP: 37/61 MP: 6/6
  3183 | D:4      | Killed Robin
  3786 | D:5      | Entered Level 5 of the Dungeon
  3862 | D:5      | Reached skill level 5 in Long Blades
  3900 | D:5      | Reached skill level 7 in Shields
  4280 | D:5      | Found an opulent altar of Gozag.
  4526 | D:5      | Found a staircase to the Ecumenical Temple.
  4772 | Temple   | Entered the Ecumenical Temple
  4795 | Temple   | Became a worshipper of Warmaster Okawaru
  5025 | D:5      | Reached XP level 8. HP: 56/70 MP: 7/7
  5166 | D:6      | Got an ichor-stained leather armour
  5248 | D:6      | Found a shadowy altar of Dithmenos.
  5290 | D:6      | Reached * piety under Okawaru
  5401 | D:6      | Found Taobbud's Weapon Shoppe.
  5412 | D:6      | Noticed Menkaure
  5420 | D:6      | Killed Menkaure
  6064 | D:6      | Reached skill level 8 in Shields
  6348 | D:7      | Found a white marble altar of Elyvilon.
  6367 | D:7      | Reached XP level 9. HP: 60/78 MP: 8/8
  6390 | D:7      | Reached ** piety under Okawaru
  6396 | D:7      | Reached skill level 9 in Shields
  6420 | D:7      | Found Viom's Assorted Antiques.
  6664 | D:7      | Found an iron altar of Okawaru.
  6850 | D:7      | Identified the +2 leather armour "Hutia" {rC+ MR- Str+6} (You found it on level 6 of the Dungeon)
  7415 | D:8      | Reached skill level 10 in Shields
  7829 | D:8      | Found a burning altar of Makhleb.
  7830 | D:8      | Found a stormy altar of Qazlal.
  7961 | D:8      | Reached *** piety under Okawaru
  8378 | D:9      | Found Biucemm's Book Emporium.
  8616 | D:9      | Reached XP level 10. HP: 25/88 MP: 9/9
  8627 | D:9      | Reached skill level 11 in Shields
  8997 | D:9      | Reached **** piety under Okawaru
  9387 | D:10     | Entered Level 10 of the Dungeon
  9640 | D:10     | Noticed Joseph
  9656 | D:10     | Killed Joseph
  9656 | D:10     | Reached skill level 12 in Shields
  9695 | D:10     | Reached ***** piety under Okawaru
  9725 | D:10     | Found a shadowy altar of Dithmenos.
  9920 | D:10     | Found Utaepsoss's Armour Shoppe.
 10210 | D:10     | You fall through a shaft for 3 floors!
 10642 | D:13     | Noticed a hill giant
 10662 | D:13     | Killed a hill giant
 10662 | D:13     | Reached skill level 1 in Invocations
 10666 | D:13     | Noticed a wizard
 10677 | D:13     | Killed a wizard
 10677 | D:13     | Reached XP level 11. HP: 56/95 MP: 9/11
 10710 | D:13     | Reached skill level 10 in Long Blades
 10868 | D:13     | Found a gate to the Vaults.
 11038 | D:11     | Noticed a hill giant
 11049 | D:11     | Killed a hill giant
 11221 | D:11     | Found a staircase to the Lair.
 11240 | D:11     | Received a gift from Okawaru
 11241 | D:11     | Reached skill level 10 in Armour
 11248 | D:11     | Got a distressingly furry crystal plate armour {god gift}
 11259 | D:11     | Identified the +8 crystal plate armour of the Lobster {rN+} (Okawaru gifted it to you on level 11 of the Dungeon)
 11274 | D:11     | Reached skill level 13 in Shields
 11430 | D:11     | Noticed a hill giant
 11437 | D:11     | Killed a hill giant
 11510 | D:11     | Found a staircase to the Orcish Mines.
 11622 | D:11     | Noticed a red ugly thing
 11739 | D:11     | Killed a red ugly thing
 12211 | D:12     | Noticed Azrael
 12279 | D:12     | Killed Azrael
 12885 | D:12     | Reached skill level 14 in Shields
 13058 | D:12     | Noticed a hill giant
 13072 | D:12     | Killed a hill giant
 13072 | D:12     | Reached XP level 12. HP: 86/106 MP: 12/12
 13219 | D:12     | Reached skill level 10 in Fighting
 13264 | D:12     | Noticed Maud
 13283 | D:12     | Killed Maud
 13408 | D:13     | Noticed a catoblepas
 13439 | D:13     | Killed a catoblepas
 13563 | D:13     | Received a gift from Okawaru
 13793 | D:13     | Noticed a centaur warrior
 13800 | D:13     | Killed a centaur warrior
 14300 | Lair:1   | Entered Level 1 of the Lair of Beasts
 14646 | Lair:1   | Reached skill level 15 in Shields
 14913 | Lair:1   | Noticed a six-headed hydra
 14924 | Lair:1   | Killed a one-headed hydra
 14924 | Lair:1   | Received a gift from Okawaru
 14987 | Lair:1   | Found a dark tunnel.
 14996 | Volcano  | Entered a volcano
 15298 | Volcano  | Found a burning altar of Makhleb.
 15673 | Lair:1   | Reached XP level 13. HP: 116/116 MP: 13/13
 16040 | Lair:2   | Reached ****** piety under Okawaru
 16542 | Lair:3   | Reached skill level 16 in Shields
 16543 | Lair:3   | Found a shimmering altar of Xom.
 16806 | Lair:3   | Received a gift from Okawaru
 18329 | Lair:1   | Identified a scroll of acquirement
 18332 | Lair:1   | Got a pair of shimmering gloves
 18343 | Lair:1   | Identified the +3 pair of gloves of Temperance {rPois Slay+2 Stlth+} (You acquired it on level 1 of the Lair of Beasts)
 18627 | Lair:5   | Found a staircase to the Shoals.
 19178 | Lair:5   | Found a hole to the Spider Nest.
 19196 | Lair:5   | Reached skill level 17 in Shields
 19625 | Lair:6   | Received a gift from Okawaru
 19769 | Lair:6   | Found a frozen archway.
 19884 | IceCv    | Entered an ice cave
 20003 | IceCv    | Reached XP level 14. HP: 103/126 MP: 14/14
 20488 | IceCv    | Noticed a frost giant
 20502 | IceCv    | Killed a frost giant
 20514 | IceCv    | Received a gift from Okawaru
 21980 | Lair:7   | Reached skill level 18 in Shields
 22053 | Lair:7   | Reached skill level 15 in Long Blades
 22947 | Lair:7   | Found a viscous altar of Jiyva.
 22947 | Lair:7   | Found a staircase to the Slime Pits.
 23129 | Lair:8   | Entered Level 8 of the Lair of Beasts
 23301 | Lair:8   | Received a gift from Okawaru
 23520 | Lair:8   | Got a pair of distressingly furry gloves
 23531 | Lair:8   | Identified the cursed +0 pair of gloves "Ytec" {rCorr Int+2} (You found it on level 8 of the Lair of Beasts)
 23582 | Lair:8   | Reached XP level 15. HP: 116/135 MP: 15/15
 23679 | Lair:8   | Reached skill level 19 in Shields
 24603 | Lair:8   | Got a dazzling double sword
 24604 | Lair:8   | Identified the +0 double sword of Fortitude {flame, rF+} (You found it on level 8 of the Lair of Beasts)
 25197 | Orc:1    | Entered Level 1 of the Orcish Mines
 25199 | Orc:1    | Received a gift from Okawaru
 25972 | Orc:2    | Entered Level 2 of the Orcish Mines
 26161 | Orc:2    | Found a staircase to the Elven Halls.
 26942 | Orc:2    | Found Peotsasch's General Store.
 26942 | Orc:2    | Found Nuokum Ewken's Magic Scroll Emporium.
 27425 | Orc:2    | Found Cijoril's Distillery.
 27425 | Orc:2    | Found Zixzio Bury's General Store.
 27430 | Orc:2    | Gained mutation: You regenerate slowly when monsters are visible. [a neqoxec]
 27475 | Orc:2    | Received a gift from Okawaru
 27554 | Orc:2    | Found a roughly hewn altar of Beogh.
 27901 | D:14     | Received a gift from Okawaru
 28366 | D:14     | Noticed Agnes
 28375 | D:14     | Killed Agnes
 28689 | D:15     | Entered Level 15 of the Dungeon
 28857 | D:15     | Reached skill level 1 in Stealth
 29058 | D:15     | Found a staircase to the Depths.
 29119 | D:15     | Found a sparkling altar of Nemelex Xobeh.
 29120 | D:15     | Found an ancient bone altar of Kikubaaqudgha.
 29120 | D:15     | Found a shimmering altar of Xom.
 29153 | D:15     | Reached skill level 20 in Shields
 29161 | D:15     | Noticed a frost giant
 29167 | D:15     | Killed a frost giant
 29174 | D:15     | Reached XP level 16. HP: 88/146 MP: 16/16
 29619 | D:15     | Noticed a tengu reaver
 29632 | D:15     | Killed a tengu reaver
 29837 | D:15     | Received a gift from Okawaru
 29854 | D:15     | Got a pair of encrusted gloves {god gift}
 30063 | D:15     | Identified the +0 pair of gloves "Ywilafit" {rElec rF- Str-4 SInv} (Okawaru gifted it to you on level 15 of the Dungeon)
 30183 | D:15     | HP: 5/147 [ettin/dire flail of protection (15)]
 30183 | D:15     | HP: 2/147 [ettin/dire flail of protection (3)]
 30186 | D:15     | Mangled by an ettin

Skill      XL: |  1  2  3  4  5  6  7  8  9 10 11 12 13 14 15 16 |
---------------+-------------------------------------------------+-----
Fighting       | 4 5 6 7 8 9 11 12 13 14 | 14.4
Armour         | 4 5 6 8 9 10 11 12 13 | 13.8
Shields        | 4 5 6 7 8 10 12 14 15 17 18 20 | 20.4
Long Blades    | 3 4 5 7 8 9 11 13 14 15 17 18 | 18.0
Dodging        | 2 3 |  3.8
Invocations    | 1 2 |  2.6
Stealth        | 1 |  1.0
Evocations     | |  0.5

Action                   |  1- 3 |  4- 6 |  7- 9 | 10-12 | 13-15 | 16-18 || total
-------------------------+-------+-------+-------+-------+-------+-------++-------
Melee: Long sword        |    57 |   195 |   542 |   486 |       |       ||  1280
       Headbutt          |    14 |    28 |    94 |   216 |   539 |    59 ||   950
       Scimitar          |       |       |       |   409 |  1551 |       ||  1960
       Double sword      |       |       |       |       |   663 |   175 ||   838
Invok: Heroism           |       |       |     2 |    15 |     1 |     1 ||    19
 Abil: Evoke Flight      |       |       |       |     3 |     2 |       ||     5
       Stop Flying       |       |       |       |     1 |       |       ||     1
  Use: Potion            |       |     1 |     1 |     3 |       |     3 ||     8
       Scroll            |       |     6 |     7 |    14 |    10 |       ||    37
  Eat: Chunk             |       |     7 |    18 |    23 |    42 |     3 ||    93
       Fruit             |       |       |     1 |     1 |     5 |       ||     7
       Pizza             |       |       |       |     1 |       |       ||     1
Armor: Scale mail        |    26 |    41 |       |       |       |       ||    67
       Plate armour      |       |   116 |   227 |   117 |       |       ||   460
       Crystal plate arm |       |       |       |   353 |  1117 |   191 ||  1661
Dodge: Dodged            |    20 |    58 |    81 |   122 |   398 |    50 ||   729
Block: Shield            |    33 |   145 |   381 |   788 |  2413 |   244 ||  4004
       Reflection        |       |       |    26 |    28 |    49 |    10 ||   113
